 Dungeon Crawl Stone Soup version 0.30-a0-374-g95c0257040 (webtiles) character file.

Game seed: 10381401964582393520

65 Elric the Firebug (level 4, -13/27 HPs)
             Began as an Octopode Fire Elementalist on Nov 25, 2022.
             Mangled by Crazy Yiuf
             ... wielding a +2 quarterstaff of chaos
              (15 damage)
             ... on level 3 of the Dungeon.
             The game lasted 00:02:57 (2782 turns).

Elric the Firebug (Octopode Fire Elementalist)      Turns: 2782, Time: 00:02:58

Health: -13/27     AC:  1    Str:  7    XL:     4   Next: 14%
Magic:  0/8        EV: 13    Int: 19    God:
Gold:   106        SH:  0    Dex: 12    Spells: 7/8 levels left

rFire   . . .      SeeInvis .    g - +0 whip (venom)
rCold   . . .      Faith    .    (no shield)
rNeg    . . .      Spirit   +    (helmet restricted)
rPois   .          Reflect  .    c - amulet of guardian spirit
rElec   .          Harm     .    (no ring)
rCorr   .          Rampage  .    (no ring)
Will    .....                    (no ring)
Stlth   +++.......               (no ring)
HPRegen 0.24/turn                (no ring)
MPRegen 0.11/turn                (no ring)
                                 (no ring)
                                 (no ring)

@: no status effects
A: almost no armour, amphibious, 8 rings, camouflage 1, gelatinous body 1,
(nimble swimmer 1), tentacles
a: no special abilities


You were on level 3 of the Dungeon.
You visited 1 branch of the dungeon, and saw 3 of its levels.

You collected 106 gold pieces.

Inventory:

Hand Weapons
 g - a +0 whip of venom (weapon)
Jewellery
 c - an amulet of guardian spirit (around mantle)
Wands
 n - a wand of flame (13)
Scrolls
 e - 2 scrolls of enchant weapon {unknown}
 f - a scroll of fog {unknown}
 h - 5 scrolls of identify {unknown}
 j - a scroll of amnesia {unknown}
 l - a scroll of teleportation {unknown}
 p - a scroll of torment {unknown}
Potions
 a - 2 potions of magic
 b - 2 potions of lignification {unknown}
 d - 3 potions of heal wounds {unknown}
 i - 2 potions of curing {unknown}
 k - a potion of resistance {unknown}
 m - a potion of flight {unknown}
 o - a potion of brilliance {unknown}


   Skills:
 - Level 2.0 Dodging
 - Level 2.6 Stealth
 + Level 2.8 Spellcasting
 + Level 2.2 Conjurations
 + Level 3.6 Fire Magic


You had 7 spell levels left.
You knew the following spells:

 Your Spells              Type           Power      Damage    Failure   Level
a - Foxfire               Conj/Fire      56%        2x1d6     4%          1

Your spell library contained the following spells:

 Spells                   Type           Power      Damage    Failure   Level
 Scorch                   Fire           32%        2d6       5%          2
 Shock                    Conj/Air       28%        1d4       10%         1
 Inner Flame              Hex/Fire       9%         N/A       22%         3
 Kindle Blastsparks       Fire/Tloc/Air  14%        2d11      28%         3
 Flame Wave               Conj/Fire      14%        2d6       41%         4
 Swiftness                Air            2%         N/A       43%         3
 Airstrike                Air            1%         2d(1-17)  83%         4


Dungeon Overview and Level Annotations

Branches:
Dungeon (3/15)

Altars:
Gozag

Shops:
D:3 [

Annotations:
D:3 Crazy Yiuf


Innate Abilities, Weirdness & Mutations

You cannot wear most types of armour.
You are amphibious.
You can wear up to eight rings at the same time.
Your skin changes colour to match your surroundings (Stealth+).
Your rubbery body absorbs attacks. (AC +1, EV +1)
((You are camouflaged when in or above water. (Stealth+)))
You have tentacles for arms and can constrict up to eight enemies at once.


Message History

The goblin is severely wounded.
Casting: Foxfire (safe; 4% risk of failure)
Confirm with . or Enter, or press ? or * to list all spells.
You conjure some foxfire!
The goblin misses you. The goblin completely misses you.
Casting: Foxfire (safe; 4% risk of failure)
Confirm with . or Enter, or press ? or * to list all spells.
You conjure some foxfire!
The goblin hits you with a +0 club.
Your foxfire dissipates!
The foxfire hits the goblin.
You kill the goblin!
Your foxfire dissipates!
Your foxfire dissipates!
There is an open door here.
Could not explore, unopened runed door.
Could not explore, unopened runed door.
Could not explore, unopened runed door.
Casting: Foxfire (safe; 4% risk of failure)
Confirm with . or Enter, or press ? or * to list all spells.
You conjure some foxfire!
Crazy Yiuf shouts!
You open the door. Crazy Yiuf attacks as you move away!
Crazy Yiuf closely misses you.
Crazy Yiuf drinks a potion.
Crazy Yiuf seems to speed up.
Crazy Yiuf attacks as you move away!
Crazy Yiuf hits you with a +2 quarterstaff of chaos!
Casting: Foxfire (safe; 4% risk of failure)
Confirm with . or Enter, or press ? or * to list all spells.
You conjure some foxfire!
Crazy Yiuf closely misses you.
Crazy Yiuf yells, "Leather!
Candle hog high."
Crazy Yiuf hits you with a +2 quarterstaff of chaos!
Space warps horribly around you!
* * * LOW HITPOINT WARNING * * *
The foxfire hits Crazy Yiuf.
Crazy Yiuf is moderately wounded.
The foxfire hits Crazy Yiuf but does no damage.
Crazy Yiuf is moderately wounded.
Crazy Yiuf hits you with a +2 quarterstaff of chaos!
Ouch! That really hurt!
You die...

.........##.##....##......###.###
.##.##.#.##.############......#..
.##.######### ##.######.# ..).#
#...# #.. ##### #...# #.. ###
#######...# ##.. #### #)..###
##.#..##...####..# #..#
#...'.####......#.......... #..#
#...##g.#g@.....#....###... #..#
### ###.#..#.............# #..#
#######............. #..#
#..[..........
#..###################....####..
#......#.#...##.#.# #.........#
######....#.....#.# #...#######
#####.#.####.# #...# ########
#.#..>...####...#


You could see Crazy Yiuf (fast).

Vanquished Creatures
  An adder (D:3)
  An ufetubus (D:2)
  An orc (D:3)
  12 bats
  5 endoplasms
  2 giant cockroaches
  4 goblins
  4 hobgoblins
  2 quokkas (D:3)
  6 ball pythons
  4 frilled lizards
  A kobold (D:1)
  6 rats
49 creatures vanquished.

Vanquished Creatures (others)
  127 foxfires
127 creatures vanquished.

Grand Total: 176 creatures vanquished

Notes
Turn   | Place    | Note
-------+----------+-------------------------------------------
     0 | D:1      | Elric the Octopode Fire Elementalist began the quest for
                  | the Orb.
     0 | D:1      | Reached XP level 1. HP: 11/11 MP: 3/3
   338 | D:1      | Reached XP level 2. HP: 17/17 MP: 3/5
  1018 | D:2      | Reached XP level 3. HP: 12/21 MP: 3/6
  1711 | D:3      | Found Kyfrit's Antique Armour Boutique.
  1893 | D:3      | Found a runed translucent door.
  1894 | D:3      | Noticed Crazy Yiuf
  1991 | D:3      | Found an opulent altar of Gozag.
  2359 | D:3      | Reached XP level 4. HP: 27/27 MP: 6/8
  2781 | D:3      | HP: 1/27 [Crazy Yiuf/+2 quarterstaff of chaos (9)]
  2782 | D:3      | Mangled by Crazy Yiuf

Illustrated notes

Levels and vault maps discovered:
D:1:      grunt_arrival_lava_bath, layout_loops_ring
D:2:      layout_loops_cross
D:3:      layout_loops_cross, grunt_gozag_statues, serial_shops,
          nicolae_shop_overgrown_old_shop, grunt_ministairs_3,
          minmay_misc_feat_plants, uniq_crazy_yiuf_cottage

Skill      XL: |  1  2  3 |
---------------+----------+-----
Conjurations   | 2 |  2.2
Dodging        | |  2.0
Stealth        | |  2.6
Spellcasting   | |  2.8
Fire Magic     | |  3.6

Action                   |  1- 3 |  4- 6 || total
-------------------------+-------+-------++-------
Melee: Unarmed           |     3 |       ||     3
       Constrict         |     5 |     1 ||     6
       Whip              |    17 |     1 ||    18
       Tentacles         |     2 |     1 ||     3
 Cast: Foxfire           |    73 |    13 ||    86
 Stab: Sleeping          |     4 |       ||     4
Armor: Skin              |     3 |       ||     3
Dodge: Dodged            |    32 |     5 ||    37

Table legend: (Time is in decaauts)
 A = Elapsed time spent in this place.
 B = Non-inter-level travel time spent in this place.
 C = Inter-level travel time spent in this place.
 D = Time resting spent in this place.
 E = Time spent auto-exploring this place.
 F = Levels seen in this place.
 G = Mean time per level.
                   A        B        C        D        E       F      G
               +--------+--------+--------+--------+--------+-----+--------+
         Total |   2783 |   2734 |     49 |     49 |   2331 |   3 |  927.7 |
       Dungeon |   2783 |   2734 |     49 |     49 |   2331 |   3 |  927.7 |
               +--------+--------+--------+--------+--------+-----+--------+

Top non-repeatable levels by time:
     D:3: 1070 daAuts
     D:1: 924 daAuts
     D:2: 788 daAuts
